 Dungeon Crawl Stone Soup version 0.27-a0-148-g9515ab555c (webtiles) character file.

Game seed: 4669209692006405290

122 knot the Chopper (level 4, 24/52 HPs)
             Began as a Demonspawn Berserker on Jan 27, 2021.
             Was a Believer of Trog.
             Quit the game on level 2 of the Dungeon.
             The game lasted 00:01:33 (1518 turns).

knot the Chopper (Demonspawn Berserker)             Turns: 1518, Time: 00:01:34

Health: 24/52      AC:  5    Str: 17    XL:     4   Next: 78%
Magic:  4/4        EV: 11    Int:  9    God:    Trog [**....]
Gold:   102        SH:  0    Dex: 13    Spells: 3/3 levels left

rFire    . . .     SeeInvis .   a - +0 hand axe
rCold    . . .     Faith    .   (no shield)
rNeg     . . .     Spirit   .   j - +0 ring mail
rPois    .         Reflect  .   (no helmet)
rElec    .         Harm     .   (no cloak)
rCorr    .         Rampage  .   (no gloves)
Will     .....                  (no boots)
Stlth    ..........             f - amulet of inaccuracy (curse)
HPRegen  1.17/turn              (no ring)
MPRegen  0.09/turn              (no ring)

@: berserking, very quick
A: powered by death 1, powered by pain 1
a: Renounce Religion, Berserk, Trog's Hand


You were on level 2 of the Dungeon.
You worshipped Trog.
Trog was pleased with you.
You visited 1 branch of the dungeon, and saw 2 of its levels.

You collected 102 gold pieces.

Inventory:

Hand Weapons
 a - a +0 hand axe (weapon)
Missiles
 e - 38 stones
 i - 5 boomerangs
Armour
 j - a +0 ring mail (worn)
Jewellery
 f - a cursed amulet of inaccuracy (around neck)
Scrolls
 b - a scroll of teleportation {unknown}
Potions
 c - a potion of brilliance {unknown}
 d - 2 potions of lignification {unknown}
 g - 2 potions of curing
 h - a potion of invisibility {unknown}


   Skills:
 - Level 3.0 Fighting
 + Level 5.1 Axes
 - Level 1.7 Armour
 - Level 1.7 Dodging


You had 3 spell levels left.
You didn't know any spells.
Your spell library was empty.

Dungeon Overview and Level Annotations

Branches:
Dungeon (2/15)

Altars:


Innate Abilities, Weirdness & Mutations

You regenerate a little health from kills.
You sometimes gain a little power by taking damage.


Message History

The ogre is heavily wounded.
A red film seems to cover your vision as you go berserk!
You feel yourself moving faster!
You feel mighty!
The ogre hits you with a cursed -1 giant spiked club!
You are too injured to fight recklessly!
You are too injured to fight recklessly!
You are too injured to fight recklessly!
You are too injured to fight recklessly!
You slash the ogre!
The ogre is severely wounded.
The ogre barely misses you.
You slash the ogre!
You kill the ogre!
Trog accepts your kill.
You can now call upon Trog for regeneration and willpower.
Your Axes skill increases to level 5!
You have reached level 4!
You feel agile.
Your demonic ancestry asserts itself...
You feel energised by your suffering.
Are you sure you want to abandon this character and quit the game? (Confirm with "yes".)

..........#............
...#.###........†......
##..............########
?.........#.....###
.#..)........#....##
#.......#....#.....#
#.......#..........#
..)........###<.....#
.......@##........#.#
..)....)..###.....#..#
..........# #..#####.#
..........# ##.# .#
####.#.#### #. .. ....
.. .. .. #.....


There were no monsters in sight!

Vanquished Creatures
  An ogre (D:2)
  An adder (D:2)
  A leopard gecko (D:1)
  A bat (D:1)
  2 giant cockroaches (D:1)
  2 goblins (D:1)
  4 hobgoblins (D:1)
  5 jackals (D:1)
  A frilled lizard (D:1)
  3 kobolds (D:1)
  8 rats (D:1)
  2 toadstools (D:1)
31 creatures vanquished.

Vanquished Creatures (others)
  2 toadstools (D:1)
2 creatures vanquished.

Grand Total: 33 creatures vanquished

Notes
Turn   | Place    | Note
-------+----------+-------------------------------------------
     0 | D:1      | knot the Demonspawn Berserker began the quest for the Orb.
     0 | D:1      | Reached XP level 1. HP: 18/18 MP: 1/1
    57 | D:1      | Reached skill level 3 in Axes
   157 | D:1      | Gained mutation: You regenerate a little health from kills.
                  | [demonic ancestry]
   157 | D:1      | Reached XP level 2. HP: 24/24 MP: 2/2
  1120 | D:1      | Reached XP level 3. HP: 24/29 MP: 3/3
  1322 | D:2      | Reached skill level 4 in Axes
  1510 | D:2      | Noticed an ogre
  1517 | D:2      | Killed an ogre
  1517 | D:2      | Reached ** piety under Trog
  1518 | D:2      | Reached skill level 5 in Axes
  1518 | D:2      | Gained mutation: You sometimes gain a little power by
                  | taking damage. [demonic ancestry]
  1518 | D:2      | Reached XP level 4. HP: 24/35 MP: 4/4
  1518 | D:2      | Quit the game

Illustrated notes

Levels and vault maps discovered:
D:1:      ldierk_water_garden, layout_basic
D:2:      layout_rooms, lemuel_round_altar

Skill      XL: |  1  2  3 |
---------------+----------+-----
Axes           | 3 5 |  5.1
Fighting       | |  3.0
Armour         | |  1.7
Dodging        | |  1.7

Action                   |  1- 3 |  4- 6 || total
-------------------------+-------+-------++-------
Melee: Hand axe          |    84 |       ||    84
Invok: Berserk           |     5 |       ||     5
  Use: Scroll            |     3 |       ||     3
Armor: Animal skin       |     4 |       ||     4
       Ring mail         |    16 |       ||    16
Dodge: Dodged            |    57 |       ||    57

Table legend: (Time is in decaauts)
 A = Elapsed time spent in this place.
 B = Non-inter-level travel time spent in this place.
 C = Inter-level travel time spent in this place.
 D = Time resting spent in this place.
 E = Time spent auto-exploring this place.
 F = Levels seen in this place.
 G = Mean time per level.
                   A        B        C        D        E       F      G
               +--------+--------+--------+--------+--------+-----+--------+
         Total |   1559 |   1481 |     78 |    497 |    751 |   2 |  779.5 |
       Dungeon |   1559 |   1481 |     78 |    497 |    751 |   2 |  779.5 |
               +--------+--------+--------+--------+--------+-----+--------+

Top non-repeatable levels by time:
     D:1: 1326 daAuts
     D:2: 233 daAuts
